 Dungeon Sprint DCSS version 0.30.1-11-g7821555f0a (webtiles) character file.

Game seed: 17537260316592440549

669 Groucho the Timeless (level 7, 0/70 HPs)
             Began as a Naga Monk on Nov 22, 2023.
             Was a High Priest of Cheibriados.
             Slain by a nagaraja
             ... wielding a +0 spear
              (14 damage)
             ... in the Dungeon (Sprint VII: "The Pits").
             The game lasted 00:03:34 (1607 turns).

Groucho the Timeless (Naga Monk)                    Turns: 1607, Time: 00:03:35

Health: 0/70       AC: 11    Str: 27    XL:     7   Next: 58%
Magic:  8/13       EV:  8    Int: 25    God:    Cheibriados [*****.]
Gold:   0          SH:  0    Dex: 26    Spells: 6/6 levels left

rFire   . . .        a - +2 hand axe
rCold   . . .        d - orb {light}
rNeg    . . .        o - +3 chain mail
rPois   +            (no helmet)
rElec   .            (no cloak)
rCorr   .            (no gloves)
SInv    +            (no barding)
Will    .....        (no amulet) Stlth
                     (no ring)
HPRegen 0.31/turn    (no ring)
MPRegen 0.13/turn

%: no teleportation
@: lethally poisoned (0 -> -3), untranslocatable, glowing, constricted, very
slow
A: AC +2, large, see invisible, deformed body, poison resistance, slowness 2,
spit poison 1, naga tail 1
a: Spit Poison, Renounce Religion, Bend Time, Temporal Distortion, Slouch, Step
From Time


You were in the Dungeon.
You worshipped Cheibriados.
Cheibriados was extremely pleased with you.
You visited 1 branch

Inventory:

Hand Weapons
 a - a +2 hand axe (weapon)
 k - a +2 mace
Armour
 d - an orb of light (worn)
 o - a +3 chain mail (worn)
Scrolls
 j - a scroll of blinking
 m - 5 scrolls of amnesia
 n - a scroll of butterflies
Potions
 c - a potion of ambrosia
 e - 5 potions of curing
 f - 2 potions of heal wounds
 g - a potion of haste
 h - 3 potions of magic
 i - 2 potions of berserk rage
 l - 2 potions of invisibility


   Skills:
 + Level 6.5 Fighting
 + Level 6.6 Axes
 * Level 6.3 Armour
 + Level 5.8 Dodging
 + Level 4.7 Shields
 * Level 8.3 Invocations


You had 6 spell levels left.
You didn't know any spells.
Your spell library was empty.

Dungeon Overview and Level Annotations

Branches:
Dungeon (1/1)

Altars:
Ashenzari
Cheibriados
Dithmenos
Elyvilon
Fedhas
Gozag
Hepliaklqana
Kikubaaqudgha
Makhleb
Nemelex Xobeh
Okawaru
Qazlal
Ru
Sif Muna
Trog
Uskayaw
Vehumet
Wu Jian
Xom
Yredelemnul
Zin
The Shining One
Jiyva
Lugonu


Innate Abilities, Weirdness & Mutations

Your serpentine skin is tough. (AC +2)
You have supernaturally acute eyesight. (SInv)
Armour fits poorly on your strangely shaped body.
Your system is resistant to poisons. (rPois)
You cover ground very slowly.
You can spit poison.
You have a snake-like lower body.


Message History

You resist. The nagaraja constricts you.
* * * LOW HITPOINT WARNING * * *
You feel better.
The nagaraja gestures at you while chanting.
You feel firmly anchored in space. The nagaraja constricts you.
You feel much better. The nagaraja hits you with a +0 spear!
The nagaraja constricts you.
You hit the nagaraja.
The nagaraja is heavily wounded.
The nagaraja spits poison at you. The splash of poison hits you.
You are poisoned.
You resist. The nagaraja constricts you.
You barely miss the nagaraja.
The nagaraja is heavily wounded.
You feel sick. The nagaraja hits you with a +0 spear!
* * * LOW HITPOINT WARNING * * *
The nagaraja constricts you.
* * * LOW HITPOINT WARNING * * *
Unknown command.
Unknown command.
You feel much better.
You feel sick.
The nagaraja casts a spell.
The nagaraja seems to speed up.
The nagaraja constricts you. Magic courses through your body.
You feel sick.
The nagaraja gestures at you while chanting.
The bolt of poison hits you! You resist.
* * * LOW HITPOINT WARNING * * *
The nagaraja constricts you.
* * * LOW HITPOINT WARNING * * *
The nagaraja spits poison at you.
The splash of poison hits you but does no damage.
You resist. The nagaraja constricts you.
* * * LOW HITPOINT WARNING * * *
Activating: Slouch (4% risk of failure)
Press: ? - help, Dir - look around, f - activate You can feel time thicken for a moment.
Cheibriados lowers the support of your attributes as your movement quickens.
You feel sick. The nagaraja hits you with a +0 spear!
You die...

#.#.†########...<...#
#.#..'[))).##.......#
#.#..#[))).##.......#
#'###########.......#
#.)#.#.##..##########
#.......#.######
##.#.#.##)#....#
#.......#'#....#
##.#.#.##.@...)+
#.......#'#N...#
##.#.#..'.#....#
###############


You could see a nagaraja (fast, catching breath).

Vanquished Creatures
  A water moccasin (D)
  A swamp drake (D)
  An ogre (D)
  A centaur (D)
  A phantom (D)
  A gnoll sergeant (D)
  2 scorpions (D)
  A jelly (D)
  An adder (D)
  A white imp (D)
  A hobgoblin (D)
  4 jackals (D)
  A quokka (D)
  A ball python (D)
  A ball python zombie (D)
  3 bats (D)
  2 frilled lizards (D)
  A quokka zombie (D)
  A rat (D)
26 creatures vanquished.

Notes
Turn   | Place    | Note
-------+----------+-------------------------------------------
     0 | D        | Groucho the Naga Monk began the quest for the Orb.
     0 | D        | Reached XP level 1. HP: 21/21 MP: 1/1
    41 | D        | Found a bloodstained altar of Trog.
    41 | D        | Found a shimmering blue altar of Sif Muna.
    41 | D        | Found a viscous altar of Jiyva.
    41 | D        | Found a hazy altar of Hepliaklqana.
    41 | D        | Found an opulent altar of Gozag.
    42 | D        | Found a glowing golden altar of the Shining One.
    42 | D        | Found a glowing silver altar of Zin.
    42 | D        | Found a basalt altar of Yredelemnul.
    42 | D        | Found a shimmering altar of Xom.
    42 | D        | Found an ornate altar of the Wu Jian Council.
    42 | D        | Found a sacrificial altar of Ru.
    42 | D        | Found a stormy altar of Qazlal.
    42 | D        | Found an iron altar of Okawaru.
    42 | D        | Found a sparkling altar of Nemelex Xobeh.
    42 | D        | Found a burning altar of Makhleb.
    42 | D        | Found a blossoming altar of Fedhas.
    42 | D        | Found a white marble altar of Elyvilon.
    42 | D        | Found a shadowy altar of Dithmenos.
    42 | D        | Found a snail-covered altar of Cheibriados.
    44 | D        | Found a radiant altar of Vehumet.
    44 | D        | Found a corrupted altar of Lugonu.
    45 | D        | Found a hide-covered altar of Uskayaw.
    45 | D        | Found an ancient bone altar of Kikubaaqudgha.
    45 | D        | Found a broken altar of Ashenzari.
    53 | D        | Became a worshipper of Cheibriados the Contemplative
    53 | D        | Reached * piety under Cheibriados
    53 | D        | Reached ** piety under Cheibriados
   349 | D        | Reached *** piety under Cheibriados
   357 | D        | Reached **** piety under Cheibriados
   358 | D        | Reached XP level 2. HP: 19/28 MP: 2/2
   358 | D        | Reached ***** piety under Cheibriados
   436 | D        | Reached skill level 1 in Invocations
   438 | D        | Noticed an ogre
   446 | D        | Killed an ogre
   447 | D        | Reached skill level 3 in Invocations
   447 | D        | Reached XP level 3. HP: 13/37 MP: 2/5
   447 | D        | Reached XP level 4. HP: 16/45 MP: 2/6
   739 | D        | Noticed a scorpion
   746 | D        | HP: 2/45 [scorpion (7)]
   748 | D        | Reached ****** piety under Cheibriados
   749 | D        | Reached skill level 4 in Invocations
   749 | D        | Reached XP level 5. HP: 32/51 MP: 6/8
   750 | D        | Reached skill level 5 in Fighting
   750 | D        | Reached skill level 5 in Axes
   750 | D        | Reached skill level 5 in Invocations
  1049 | D        | Reached skill level 6 in Invocations
  1049 | D        | Reached XP level 6. HP: 61/61 MP: 4/10
  1187 | D        | Noticed a water moccasin
  1188 | D        | Killed a water moccasin
  1189 | D        | Reached skill level 5 in Armour
  1189 | D        | Reached skill level 5 in Dodging
  1190 | D        | Noticed a swamp drake
  1192 | D        | Killed a swamp drake
  1193 | D        | Reached skill level 7 in Invocations
  1193 | D        | Reached XP level 7. HP: 68/69 MP: 0/12
  1586 | D        | Reached skill level 8 in Invocations
  1595 | D        | Noticed a nagaraja
  1607 | D        | Slain by a nagaraja

Illustrated notes

Levels and vault maps discovered:
D:        pitsprint [storerooms_1, entrance_room_1, metal_vault_2, armoury_3,
          mini_pit_1, grid_room_1, main_hall_1, silver_pit, the_coven_3,
          the_vestibule_1, steel_vault_5, golden_pit, hallway_of_sentries,
          crystal_vault_1, iron_vault_2, final_vault]

Skill      XL: |  1  2  3  4  5  6  7 |
---------------+----------------------+-----
Dodging        | 3 4 5 |  5.8
Invocations    | 3 4 6 7 8 |  8.3
Fighting       | 4 5 6 |  6.5
Axes           | 4 5 6 |  6.6
Armour         | 2 3 4 5 6 |  6.3
Shields        | 2 3 4 |  4.7

Action                     |  1- 3 |  4- 6 |  7- 9 || total
---------------------------+-------+-------+-------++-------
  Melee: Hand axe          |    27 |    11 |     5 ||    43
 Invoke: Slouch            |       |     3 |     4 ||     7
    Use: Potion            |     2 |     1 |     4 ||     7
 Armour: Robe              |     4 |       |       ||     4
         Chain mail        |     4 |    10 |     4 ||    18
  Dodge: Dodged            |    26 |    11 |     1 ||    38
